 Dungeon Crawl Stone Soup version 0.26-a0-812-g31a745ddcd (webtiles) character file.

Game seed: 4198414653986526095

39262 Borgoz the Carver (level 14, -17/122 HPs)
             Began as a Ghoul Monk on Dec 8, 2020.
             Was the Champion of Okawaru.
             Demolished by Rupert
             ... wielding a +3 vorpal great sword
              (44 damage)
             ... on level 3 of the Lair of Beasts.
             The game lasted 00:30:54 (21549 turns).

Borgoz the Carver (Ghoul Monk)                     Turns: 21549, Time: 00:30:55

Health: -17/122    AC: 16    Str: 24    XL:     14   Next: 5%
Magic:  17/19      EV: 19    Int:  5    God:    Okawaru [******]
Gold:   1038       SH:  0    Dex: 13    Spells: 13/13 levels left

rFire    . . .     SeeInvis +   b - +4 scimitar (flame)
rCold    + + .     Faith    +   (no shield)
rNeg     + + +     Spirit   .   E - +2 ring mail {rC+}
rPois    ∞         Reflect  .   i - +0 helmet
rElec    .         Harm     .   s - +0 cloak {MR+}
rCorr    .         Rampage  .   U - +0 pair of gloves {archery}
MR       ++...                  (no boots)
Stlth    +++.......             C - amulet of faith
HPRegen  0.00/turn              D - +6 ring of strength
MPRegen  0.16/turn              P - ring of see invisible

@: heroism
A: rotting body, claws 1, cold resistance 1, negative energy resistance 3,
inhibited regeneration, torment resistance, unbreathing
a: Heroism, Finesse, Renounce Religion


You were on level 3 of the Lair of Beasts.
You worshipped Okawaru.
Okawaru was exalted by your worship.
You visited 3 branches of the dungeon, and saw 17 of its levels.
You also visited: Ossuary.

You collected 1038 gold pieces.

Inventory:

Hand Weapons
 a - a +2 great sword
 b - a +4 scimitar of flaming (weapon)
Armour
 i - a +0 helmet (worn)
 s - a +0 cloak of magic resistance (worn)
 E - a +2 ring mail of cold resistance (worn)
 U - a +0 pair of gloves of archery (worn)
Jewellery
 C - an amulet of faith (around neck)
 D - a +6 ring of strength (left hand)
 P - a ring of see invisible (right hand)
Wands
 j - a wand of digging (15)
 n - a wand of acid (1)
 t - a wand of enslavement (4)
 G - a wand of iceblast (12)
 J - a wand of polymorph (21)
Scrolls
 l - 6 scrolls of remove curse
 o - a scroll of fog
 v - a scroll of magic mapping
 O - 5 scrolls of teleportation
 R - a scroll of blinking
Potions
 g - a potion of might
 p - 2 potions of curing
 q - 4 potions of haste
 r - 2 potions of flight
 N - a potion of resistance
 T - a potion of cancellation


   Skills:
 + Level 10.9(15.9) Fighting
 + Level 11.8(16.8) Long Blades
 + Level 11.5(16.5) Armour
 + Level 9.0(14.0) Dodging
 - Level 2.1(7.1) Stealth
   Level 5.0(10.0) Shields
 + Level 8.1 Invocations


You had 13 spell levels left.
You didn't know any spells.
Your spell library contained the following spells:

 Spells                   Type           Power        Failure   Level
 Sandblast                Erth           #.....       56%         1
 Passwall                 Tmut/Erth      #.......     71%         2
 Conjure Flame            Conj/Fire      #.......     91%         3
 Stone Arrow              Conj/Erth      #.....       91%         3
 Hailstorm                Conj/Ice       #.......     100%        4
 Petrify                  Tmut/Erth      #.......     100%        4
 Bolt of Magma            Conj/Fire/Erth #.........   100%        5
 Lee's Rapid Deconstruct  Erth           #.........   100%        5
 Lightning Bolt           Conj/Air       #.........   100%        5


Dungeon Overview and Level Annotations

Branches:
Dungeon (13/15)            Temple (1/1) D:7            Lair (3/6) D:11
 Spider (0/4) Lair:2          Orc (0/2) D:11        Ossuary (visited)
  Swamp: Lair:2-4    Shoals: Lair:2-4     Snake: Lair:2-4    Vaults: D:13-14

Altars:
Ashenzari
Cheibriados
Dithmenos
Elyvilon
Fedhas
Gozag
Hepliaklqana
Kikubaaqudgha
Makhleb
Nemelex Xobeh
Okawaru
Qazlal
Ru
Sif Muna
Trog
Uskayaw
Vehumet
Wu Jian
Xom
Yredelemnul
Zin
The Shining One

Shops:
D:11 !

Annotations:
Lair:3 Rupert


Innate Abilities, Weirdness & Mutations

Your body is rotting away.
You thrive by killing the living.
You are immune to poison.
You have sharp fingernails.
Your flesh is cold resistant. (rC+)
You are immune to negative energy. (rN+++)
You do not regenerate when monsters are visible.
You are immune to unholy pain and torment.
You can survive without breathing.


Message History

Evoke which item? (* to show all) (? for menu, Esc to quit)
Aiming: Corrosive Bolt
Press: ? - help, Shift-Dir - straight line, f - Rupert
Aim: Rupert, wielding a +3 vorpal great sword and wearing a +0 chain mail (lightly wounded, berserk)
The bolt of acid hits Rupert!
Rupert is splashed with acid!
Rupert is moderately wounded.
You feel better.
You hit Rupert. You burn Rupert.
Rupert is moderately wounded.
Rupert hits you with a +3 vorpal great sword!
* * * LOW HITPOINT WARNING * * *
x2 You slash Rupert!
You burn Rupert.
Rupert is moderately wounded.
Rupert closely misses you.
You hit Rupert but do no damage.
Rupert is moderately wounded.
Your ring mail prevents you from hitting Rupert.
Rupert is moderately wounded.
Rupert hits you with a +3 vorpal great sword!!!
You die...

<##.♣≈†.≈♣......###
.P..♣♣..♣♣......#.#
.....♣..♣.........###
.....♣..♣........^#.###
......⌠⌠..#........#..#
#.P...................##
####......#............#
#.............P...###
#......##.##..@.#.##
..#.##....###..@.###
#.......#.#.#PP...##.##
.... ......$.........P#
..###....###### ###.##
#.$# #...# ##.##


You could see Rupert (berserk).

Vanquished Creatures
  Josephine (D:11)
  A boulder beetle (D:12)
  4 hydras
  3 death yaks
  5 two-headed ogres
  Erica (D:8)
  Urug (Lair:1)
  The ghost of SamuraiZach the Insei, a novice OpMo of Cheibriados (D:7)
  A bog body (Lair:3)
  2 ugly things (D:11)
  A wolf spider (Lair:2)
  A manticore (D:12)
  Joseph (D:9)
  2 centaur zombies (D:11)
  2 black mambas (Lair:1)
  A gargoyle (D:10)
  Maggie (Lair:2)
  13 cane toads
  7 komodo dragons
  A troll (D:11)
  A polar bear (Lair:1)
  A hornet (D:12)
  13 blink frogs
  Prince Ribbit (D:7)
  4 slime creatures
  Sigmund (D:5)
  A shadow (D:13)
  2 wyverns
  4 wraiths
  29 yaks
  4 basilisks
  Menkaure (D:3)
  A steam dragon (D:10)
  Edmund (D:5)
  An acid dragon (D:12)
  8 water moccasins
  Duvessa (D:7)
  2 ice beasts
  A swamp drake (D:11)
  5 orc warriors
  3 phantoms
  3 sky beasts
  4 ogres
  6 centaurs
  6 big kobolds
  13 bullfrogs
  3 gnoll sergeants (D:7)
  Dowan (D:7)
  2 scorpions (D:6)
  6 killer bees (D:11)
  5 wights
  5 howler monkeys
  2 quasits
  3 bullfrog zombies
  6 bullfrog skeletons
  6 hounds
  8 jellies
  Crazy Yiuf (D:4)
  5 centaur skeletons
  11 orc priests
  A gnoll shaman (D:7)
  8 orc wizards
  Jessica (D:3)
  3 iguanas
  Natasha (thrice) (D:3)
  16 worker ants
  2 hound zombies
  A hound skeleton (D:6)
  4 mummies (Ossuary)
  Robin (D:2)
  7 gnolls (D:7)
  10 adders
  2 white imps
  An ufetubus (D:8)
  8 oozes
  2 adder skeletons
  2 worms (D:3)
  A dart slug (D:1)
  9 leopard geckos
  57 orcs
  6 bats
  7 giant cockroaches
  2 gnoll zombies (Ossuary)
  7 hobgoblins
  12 jackals
  6 quokkas
  A ball python (D:1)
  5 frilled lizards
  3 gnoll skeletons (Ossuary)
  22 goblins
  4 goblin skeletons (Ossuary)
  8 goblin zombies
  6 hobgoblin skeletons (Ossuary)
  4 hobgoblin zombies (Ossuary)
  22 kobolds
  3 kobold skeletons (Ossuary)
  5 kobold zombies (Ossuary)
  5 orc skeletons (Ossuary)
  4 orc zombies (Ossuary)
  A quokka skeleton (D:7)
  A quokka zombie (D:6)
  5 rats
  4 rat skeletons (Ossuary)
  4 rat zombies
517 creatures vanquished.

Vanquished Creatures (others)
  An orc (D:13)
  7 fungi
  17 plants
  9 toadstools (D:5)
34 creatures vanquished.

Grand Total: 551 creatures vanquished

Notes
Turn   | Place    | Note
-------+----------+-------------------------------------------
     0 | D:1      | Borgoz the Ghoul Monk began the quest for the Orb.
     0 | D:1      | Reached XP level 1. HP: 19/19 MP: 0/0
   189 | D:1      | Reached XP level 2. HP: 24/26 MP: 1/1
   301 | D:1      | Reached skill level 1 in Armour
   531 | D:1      | Reached XP level 3. HP: 31/31 MP: 2/2
  1128 | D:2      | Found a white marble altar of Elyvilon.
  1244 | D:2      | Reached XP level 4. HP: 40/40 MP: 3/3
  1332 | D:2      | Noticed Robin
  1971 | D:2      | Killed Robin
  2231 | D:3      | Noticed Jessica
  2258 | D:3      | Killed Jessica
  2258 | D:3      | Reached XP level 5. HP: 29/46 MP: 4/4
  2293 | D:3      | Noticed Natasha
  2313 | D:3      | Killed Natasha
  2623 | D:3      | Noticed Natasha
  2632 | D:3      | Killed Natasha
  2949 | D:3      | Noticed Natasha
  2959 | D:3      | Killed Natasha
  2959 | D:3      | Reached XP level 6. HP: 50/52 MP: 5/5
  3158 | D:4      | Noticed Menkaure
  3158 | D:4      | Noticed a phantom
  3176 | D:3      | Killed Menkaure
  3475 | D:3      | Reached skill level 1 in Shields
  3763 | D:3      | Reached XP level 7. HP: 51/60 MP: 6/6
  4081 | D:4      | Reached skill level 5 in Long Blades
  4564 | D:4      | Reached skill level 5 in Fighting
  4971 | D:4      | Found a runed translucent door.
  4972 | D:4      | Noticed Crazy Yiuf
  5205 | D:4      | Killed Crazy Yiuf
  5205 | D:4      | Reached XP level 8. HP: 62/68 MP: 7/7
  5253 | D:5      | Entered Level 5 of the Dungeon
  5494 | D:5      | Found a sand-covered staircase.
  5503 | Ossuary  | Entered an ossuary
  6533 | D:5      | Reached skill level 5 in Armour
  6837 | D:5      | Noticed Edmund
  6864 | D:5      | Killed Edmund
  6956 | D:5      | Noticed Sigmund
  6973 | D:5      | Killed Sigmund
  7403 | D:6      | Reached XP level 9. HP: 56/75 MP: 8/8
  7906 | D:6      | Found a shimmering altar of Xom.
  7909 | D:6      | Found an iron altar of Okawaru.
  7918 | D:6      | Became a worshipper of Warmaster Okawaru
  7918 | D:6      | Reached * piety under Okawaru
  7918 | D:6      | Reached ** piety under Okawaru
  7922 | D:6      | Found a sacrificial altar of Ru.
  8684 | D:7      | Got a diamond-encrusted scale mail
  8695 | D:7      | Identified the +2 scale mail "Leufix" {rF++ MR- Int+5} (You
                  | found it on level 7 of the Dungeon)
  8806 | D:7      | Found a staircase to the Ecumenical Temple.
  8827 | D:7      | Found a transporter.
  8851 | D:7      | Noticed Dowan
  8852 | D:7      | Noticed Duvessa
  8860 | D:7      | Killed Duvessa
  8860 | D:7      | Reached *** piety under Okawaru
  8861 | D:7      | Killed Dowan
  9006 | D:7      | Noticed a two-headed ogre
  9014 | D:7      | Killed a two-headed ogre
  9014 | D:7      | Reached skill level 5 in Dodging
  9014 | D:7      | Reached XP level 10. HP: 75/84 MP: 9/9
  9087 | D:7      | Found a transporter.
  9100 | D:7      | Identified the ring of Ufosch {Wiz MR+}
  9215 | D:7      | Reached **** piety under Okawaru
  9215 | D:7      | Received a gift from Okawaru
  9349 | D:7      | Noticed Prince Ribbit
  9355 | D:7      | Killed Prince Ribbit
 10934 | D:8      | Noticed Erica
 10949 | D:8      | Killed Erica
 10949 | D:8      | Reached ***** piety under Okawaru
 10949 | D:8      | Reached skill level 5 in Shields
 10949 | D:8      | Reached skill level 1 in Invocations
 11513 | D:9      | Reached XP level 11. HP: 93/93 MP: 11/11
 11620 | D:9      | Identified the +3 dagger of the Peculiar Friends {flame,
                  | rPois rN+ Dex-3}
 11707 | D:9      | Received a gift from Okawaru
 11710 | D:9      | Got a jewelled long sword {god gift}
 11713 | D:9      | Identified the +1 long sword of Tenacity {flame, rC+}
                  | (Okawaru gifted it to you on level 9 of the Dungeon)
 11911 | D:9      | Noticed Joseph
 11929 | D:9      | Killed Joseph
 12133 | D:10     | Entered Level 10 of the Dungeon
 12185 | D:10     | Noticed a two-headed ogre
 12192 | D:10     | Killed a two-headed ogre
 12741 | D:10     | Reached ****** piety under Okawaru
 12785 | D:10     | Received a gift from Okawaru
 12975 | D:11     | Noticed a white ugly thing
 12985 | D:11     | Killed a white ugly thing
 13088 | Temple   | Entered the Ecumenical Temple
 13452 | D:7      | Noticed SamuraiZach's ghost (novice OpMo)
 13467 | D:7      | Killed SamuraiZach's ghost
 13731 | D:11     | Noticed a six-headed hydra
 13740 | D:11     | Killed a one-headed hydra
 13746 | D:11     | Got a crystal long sword
 13747 | D:11     | Identified the cursed +1 long sword of Eternal Harmony
                  | {flame, MR++ Int+2} (You found it on level 11 of the
                  | Dungeon)
 13969 | D:11     | Reached XP level 12. HP: 103/103 MP: 14/14
 13974 | D:11     | Noticed a two-headed ogre
 13982 | D:11     | Killed a two-headed ogre
 13982 | D:11     | Reached skill level 10 in Long Blades
 14093 | D:11     | Noticed a death yak
 14093 | D:11     | Noticed a death yak
 14094 | D:11     | Noticed a death yak
 14097 | D:11     | Noticed a death yak
 14111 | D:11     | Noticed a death yak
 14113 | D:11     | Killed a death yak
 14122 | D:11     | Killed a death yak
 14123 | D:11     | HP: 1/104 [death yak (11)]
 14518 | D:11     | Found Vausajoh's Distillery.
 14561 | D:11     | Received a gift from Okawaru
 14562 | D:11     | Got a pitted morningstar {god gift}
 14563 | D:11     | Identified the +7 morningstar of Offence {drain, MR+}
                  | (Okawaru gifted it to you on level 11 of the Dungeon)
 14604 | D:11     | Identified the Guide on Conjuration
 14652 | D:11     | Found a staircase to the Lair.
 14688 | D:11     | Noticed Josephine
 14705 | D:11     | Killed Josephine
 14705 | D:11     | Reached skill level 10 in Armour
 14705 | D:11     | Reached skill level 5 in Invocations
 14984 | D:11     | Found a staircase to the Orcish Mines.
 15526 | Lair:1   | Entered Level 1 of the Lair of Beasts
 15534 | Lair:1   | Noticed a six-headed hydra
 15542 | Lair:1   | Killed a one-headed hydra
 15808 | Lair:1   | Noticed Urug
 15853 | D:11     | Received a gift from Okawaru
 16172 | D:12     | Killed a death yak
 16187 | D:12     | Noticed a boulder beetle
 16190 | D:12     | Noticed a two-headed ogre
 16199 | D:12     | Killed a two-headed ogre
 16199 | D:12     | Reached XP level 13. HP: 102/112 MP: 14/16
 16537 | D:12     | Reached skill level 10 in Fighting
 17332 | D:12     | Received a gift from Okawaru
 18028 | D:13     | Noticed a vault guard
 18110 | Lair:1   | Killed Urug
 18864 | Lair:1   | You fall into a shaft and drop 1 floor!
 18954 | Lair:2   | Noticed Maggie
 18964 | Lair:2   | Killed Maggie
 19120 | Lair:2   | Found a hole to the Spider Nest.
 19129 | Lair:2   | Received a gift from Okawaru
 20416 | Lair:2   | Found a shimmering blue altar of Sif Muna.
 20963 | Lair:2   | Reached XP level 14. HP: 60/122 MP: 17/19
 21530 | Lair:3   | Noticed Rupert
 21549 | Lair:3   | Demolished by Rupert

Illustrated notes

Levels and vault maps discovered:
D:1:      scummos_arrival_hexagon, layout_loops_cross, serial_co_window_serial,
          co_window_paths_a, co_window_paths_b, co_window_paths_a,
          co_window_corner_a, co_window_paths_a, co_window_of_opportunity_a,
          co_window_paths_a, co_window_paths_b, co_window_of_opportunity_a,
          co_window_unsneaky_path_b, co_window_of_opportunity_b,
          co_window_broadway_c, co_window_broadway_c, glass_columns_c,
          glass_columns_b, glass_columns_b, glass_columns_c
D:2:      layout_basic, elyvilon_altar_5, wander_ebering_terrifying_dragon_lair,
          uniq_robin
D:3:      corexii_shack_village, layout_rooms, uniq_jessica, uniq_natasha
D:4:      layout_basic, uniq_crazy_yiuf_cottage, uniq_menkaure
D:5:      cheibrodos_fertilizer, layout_layer_cave, enter_ossuary_4,
          sigmund_edmund_badplayer
D:6:      layout_basic, grunt_temple_overflow_diamond
D:7:      layout_basic, minmay_temple_entry_enclosed_plants,
          gammafunk_ghost_gnarly_gnolls, serial_corexii_hall,
          chequers_hall_statues_y, corexii_hall_statues_l,
          chequers_hall_statues_wall_a, uniq_prince_ribbit1, uniq_duvessa
D:8:      layout_cave_pods, uniq_erica
D:9:      layout_basic, uniq_joseph
D:10:     layout_roguey
D:11:     layout_roguey, dpeg_lair_monsters, erik_orc_1, serial_shops,
          nicolae_shop_behind_doors, uniq_josephine
D:12:     layout_layer_cave
D:13:     layout_rooms, grunt_vaults_entry_fortified, serial_glass,
          glass_columns_b, glass_columns_a, glass_columns_c, glass_columns_b,
          glass_columns_b, glass_columns_a, glass_columns_a, glass_columns_a,
          glass_columns_b, glass_columns_c, glass_columns_b, glass_columns_c,
          glass_columns_a, glass_columns_a, serial_shops, shop
Temple:   hc_temple_tempest_star
Lair:1:   cheibrodos_lair_river_kwai, layout_regular_city, grunt_megastairs_4,
          uniq_urug
Lair:2:   layout_regular_city, spider_nest_entry_rubble, basic_altar,
          uniq_maggie
Lair:3:   layout_misc_corridors, nicolae_swamp_entry_splash_gauntlet,
          uniq_rupert

Skill      XL: |  1  2  3  4  5  6  7  8  9 10 11 12 13 14 |
---------------+-------------------------------------------+-----
Long Blades    | 3 4 5 6 7 8 9 10 11 | 11.8
Armour         | 1 2 3 4 5 6 8 9 10 11 | 11.5
Fighting       | 4 5 6 7 8 9 10 | 10.9
Dodging        | 3 4 5 6 7 8 9 |  9.0
Shields        | 1 2 3 4 5 |  5.0
Invocations    | 1 4 6 8 |  8.1
Stealth        | |  2.1

Action                   |  1- 3 |  4- 6 |  7- 9 | 10-12 | 13-15 || total
-------------------------+-------+-------+-------+-------+-------++-------
Melee: Falchion          |   130 |   214 |       |       |       ||   344
       Long sword        |       |    54 |   549 |   184 |       ||   787
       Scimitar          |       |       |       |   540 |   328 ||   868
       Great sword       |       |       |       |       |    71 ||    71
Invok: Heroism           |       |       |       |     7 |    11 ||    18
Evoke: Wand              |       |     3 |    16 |     3 |     1 ||    23
  Use: Scroll            |       |     5 |    12 |     5 |    10 ||    32
       Potion            |       |     5 |       |     6 |     2 ||    13
 Stab: Sleeping          |       |     2 |       |     2 |       ||     4
Armor: Scale mail        |    76 |   128 |   256 |   173 |       ||   633
       Ring mail         |       |       |       |   117 |   108 ||   225
Dodge: Dodged            |    88 |   161 |   253 |   415 |   257 ||  1174
Block: Buckler           |       |    16 |   110 |   201 |    63 ||   390
       Rpst.: Falchion   |    25 |    43 |       |       |       ||    68
       Long sword        |       |     9 |    86 |    36 |       ||   131
       Scimitar          |       |       |       |    75 |    56 ||   131
       Great sword       |       |       |       |       |    17 ||    17

Table legend: (Time is in decaauts)
 A = Elapsed time spent in this place.
 B = Non-inter-level travel time spent in this place.
 C = Inter-level travel time spent in this place.
 D = Time resting spent in this place.
 E = Time spent auto-exploring this place.
 F = Levels seen in this place.
 G = Mean time per level.
                   A        B        C        D        E       F      G
               +--------+--------+--------+--------+--------+-----+--------+
         Total |  21572 |  20397 |   1175 |   6409 |   9940 |  18 | 1198.4 |
       Dungeon |  16915 |  15907 |   1008 |   4637 |   8105 |  13 | 1301.2 |
        Temple |    323 |    292 |     31 |      0 |    292 |   1 |  323.0 |
          Lair |   3719 |   3584 |    135 |   1563 |   1367 |   3 | 1239.7 |
       Ossuary |    614 |    614 |      0 |    209 |    176 |   1 |  614.0 |
               +--------+--------+--------+--------+--------+-----+--------+

Top non-repeatable levels by time:
    D:11: 2177 daAuts
     D:5: 2003 daAuts
     D:3: 1860 daAuts
  Lair:1: 1817 daAuts
  Lair:2: 1748 daAuts
    D:12: 1704 daAuts
     D:7: 1463 daAuts
     D:6: 1411 daAuts
     D:4: 1373 daAuts
     D:2: 1125 daAuts
     D:1: 1077 daAuts
     D:8: 959 daAuts
    D:10: 865 daAuts
     D:9: 727 daAuts
 Ossuary: 614 daAuts
